 Seeded DCSS version 0.29.1-12-g30fa7ad0bf (webtiles) character file.

Game seed: 17919571261289286795 (custom seed)

41683 mampy3000 the Severer (level 13, -5/123 HPs)
             Began as a Minotaur Berserker on Jan 18, 2023.
             Was an Elder of Trog.
             Splashed by a goliath frog's acid (6 damage)
             ... on level 5 of the Lair of Beasts.
             The game lasted 00:46:59 (14747 turns).

mampy3000 the Severer (Minotaur Berserker)         Turns: 14747, Time: 00:46:59

Health: -5/123     AC: 11    Str: 24    XL:     13   Next: 81%
Magic:  12/12      EV: 20    Int:  8    God:    Trog [****..]
Gold:   527        SH:  0    Dex: 19    Spells: 12/12 levels left

rFire   + + +      SeeInvis .   A - +3 executioner's axe (venom)
rCold   . . .      Faith    .   (shield currently unavailable)
rNeg    . . .      Spirit   .   x - +4 scale mail {rF+}
rPois   .          Reflect  .   (helmet restricted)
rElec   +          Harm     .   (no cloak)
rCorr   .          Rampage  .   i - +0 pair of gloves
Will    .....                   (no boots)
Stlth   ..........              p - amulet of regeneration
HPRegen 1.10/turn               z - +4 ring of evasion
MPRegen 0.13/turn               H - ring "Fimib" {rElec rF++ Int+4 Dex+6 Stlth-}

@: confused, ambrosia-drunk, corroded, on berserk cooldown, slowed, very slow
A: horns 2, retaliatory headbutt
a: Renounce Religion, Berserk, Trog's Hand, Brothers in Arms


You were on level 5 of the Lair of Beasts.
You worshipped Trog.
Trog was greatly pleased with you.
You visited 2 branches of the dungeon, and saw 17 of its levels.
You also visited: Ossuary.

You collected 1573 gold pieces.
You spent 1046 gold pieces at shops.

Inventory:

Hand Weapons
 a - a +1 vampiric hand axe
 c - the +5 hand axe of Dismemberment {vorpal, Str-2 SInv Stlth+}
   (You found it on level 9 of the Dungeon)

   It inflicts extra damage upon your enemies.
   Str:       It affects your strength (-2).
   SInv:      It lets you see invisible.
   Stlth:     It makes you more stealthy.
 A - a +3 executioner's axe of venom (weapon)
Missiles
 B - 28 poisoned darts (quivered)
 E - 9 boomerangs
Armour
 i - a +0 pair of gloves (worn)
 x - a +4 scale mail of fire resistance (worn)
Jewellery
 b - a +4 ring of slaying
 p - an amulet of regeneration (around neck)
 z - a +4 ring of evasion (left hand)
 F - a ring of protection from cold
 G - a ring of fire
 H - the ring "Fimib" (right hand) {rElec rF++ Int+4 Dex+6 Stlth-}
   (You bought it in a shop on level 12 of the Dungeon)

   [ring of dexterity]

   Int:       It affects your intelligence (+4).
   Dex:       It affects your dexterity (+6).
   rF:        It greatly protects you from fire.
   rElec:     It insulates you from electricity.
   Stlth:     It makes you less stealthy.
Wands
 f - a wand of mindburst (12)
 g - a wand of acid (6)
 w - a wand of flame (34)
 y - a wand of roots (5)
Scrolls
 j - 4 scrolls of magic mapping
 m - 2 scrolls of fear
 q - 8 scrolls of identify
 v - 3 scrolls of enchant weapon
 C - 2 scrolls of brand weapon
Potions
 e - a potion of might
 h - 4 potions of ambrosia
 k - 4 potions of attraction {unknown}
 l - a potion of berserk rage {unknown}
 o - 6 potions of lignification {unknown}
 r - 2 potions of cancellation {unknown}
 s - 4 potions of invisibility
 t - 9 potions of curing
 u - 2 potions of magic {unknown}
 D - 2 potions of flight {unknown}


   Skills:
 + Level 13.9 Fighting
 + Level 19.4 Axes
 + Level 0.7 Throwing
 + Level 13.3 Armour
 + Level 8.9 Dodging
 + Level 3.1 Stealth


You had 12 spell levels left.
You didn't know any spells.
Your spell library was empty.

Dungeon Overview and Level Annotations

Branches:
Dungeon (12/15)            Temple (0/1) D:6            Lair (4/5) D:11
 Shoals (0/4) Lair:2       Spider (0/4) Lair:3        Slime (0/5) Lair:5
    Orc (0/2) D:12        Ossuary (visited)

Altars:
Ashenzari
Ru
Sif Muna
Uskayaw
Vehumet
Wu Jian
Xom
Yredelemnul

Shops:
D:3 ?   D:5 [   D:7 [   D:12 =


Innate Abilities, Weirdness & Mutations

You have a pair of horns on your head.
You reflexively headbutt those who attack you in melee.


Message History

Your surroundings seem slightly different.
A bullfrog and a goliath frog come into view.
The bullfrog gives a loud, deep croak!
A cane toad comes into view.
The blink frog blinks!
Unknown command.
The goliath frog hits you!
* * * LOW HITPOINT WARNING * * *
You are splashed with acid!
* * * LOW HITPOINT WARNING * * *
Your two-headed ogre goes berserk!
The bullfrog hits your two-headed ogre. The goliath frog hits you.
* * * LOW HITPOINT WARNING * * *
You are splashed with acid!
* * * LOW HITPOINT WARNING * * *
The bullfrog barely misses your two-headed ogre.
The goliath frog hits you!
* * * LOW HITPOINT WARNING * * *
The acid corrodes you!
You are splashed with acid.
* * * LOW HITPOINT WARNING * * *
You are confused.
You feel invigorated. The bullfrog completely misses you.
The bullfrog hits your two-headed ogre.
The death yak barely misses your two-headed ogre.
Your two-headed ogre hits the bullfrog with a +0 giant club!!!
The bullfrog dies!
Trog accepts your kill. The bullfrog misses you.
The goliath frog completely misses you.
The death yak gores your two-headed ogre!!
The bullfrog misses you.
You are more confused.
You feel more invigorated.
Your two-headed ogre hits the death yak with a +0 giant club!!
Your two-headed ogre hits the death yak but does no damage.
The goliath frog barely misses you.
The death yak gores your two-headed ogre.
The goliath frog hits you!
* * * LOW HITPOINT WARNING * * *
You are splashed with acid.
You die...

..........~.~~~~≈~~
##...........~~~~≈~~
......###..~~~~~≈≈≈
.........~~.~~≈~≈≈
....##..~~.~~~~~≈
........~.~≈≈~~≈
##FOY...~...~≈~~~
#FFYSY..~~..~~~≈≈
#@#Y.......~P≈~~~
###......$....P~~
#.F...........~
....... .......
....... ..F....


You could see 3 death yaks, a goliath frog, a blink frog, a water moccasin, a
bullfrog and a friendly two-headed ogre (summoned, berserk).

Vanquished Creatures
  5 hydras
  2 boulder beetles
  2 two-headed ogres
  6 death yaks (Lair:5)
  Lodul (D:11)
  Pikel (D:8)
  A deep elf pyromancer (D:12)
  A wolf spider (Lair:3)
  2 cyclopes (D:12)
  Maurice (D:8)
  3 black mambas
  Maggie (Lair:1)
  2 unseen horrors
  A torpor snail (Lair:1)
  11 cane toads
  8 komodo dragons
  An unseen horror zombie (D:8)
  5 trolls
  A queen bee (Lair:2)
  Grinder (D:4)
  3 hornets
  2 polar bears
  A wind drake (Lair:2)
  17 blink frogs
  2 shadows (D:12)
  The ghost of kingofthe the Ducker, an amateur DECj (D:5)
  31 yaks
  4 wyverns
  4 basilisks
  2 wraiths
  5 vampire mosquitoes
  2 steam dragons (D:7)
  7 water moccasins
  Duvessa (D:6)
  2 orc warriors
  A sky beast (D:4)
  2 ice beasts
  A black bear (D:6)
  9 ogres
  4 boggarts (Lair:5)
  7 centaurs
  27 wolves
  A lemure (D:8)
  A phantom (D:5)
  2 kobold brigands
  Blork the orc (D:5)
  7 bullfrogs
  2 necrophages
  A wyvern zombie (D:8)
  6 scorpions
  5 wights (D:8)
  Dowan (D:6)
  27 killer bees
  An electric eel (D:11)
  7 hounds
  A jelly (D:6)
  6 orc priests
  Jessica (D:2)
  An iguana (D:7)
  Natasha (thrice) (D:2)
  4 hell rats (Lair:2)
  11 orc wizards
  8 mummies (Ossuary)
  2 adders (D:2)
  A shadow imp (D:7)
  2 white imps
  2 worms
  A dart slug (D:1)
  41 orcs
  7 ball pythons
  5 endoplasms
  7 giant cockroaches
  A gnoll zombie (Ossuary)
  10 goblins
  4 hobgoblins
  3 quokkas
  6 bats
  5 frilled lizards
  3 hobgoblin zombies (Ossuary)
  16 kobolds
  3 kobold zombies (Ossuary)
  An orc zombie (Ossuary)
  3 rats
411 creatures vanquished.

Vanquished Creatures (collateral kills)
  A polar bear (Lair:3)
  A bullfrog (Lair:5)
  A scorpion (Lair:3)
3 creatures vanquished.

Vanquished Creatures (others)
  11 fungi
  61 plants
72 creatures vanquished.

Grand Total: 486 creatures vanquished

Notes
Turn   | Place    | Note
-------+----------+-------------------------------------------
     0 | D:1      | mampy3000 the Minotaur Berserker began the quest for the
                  | Orb.
     0 | D:1      | Reached XP level 1. HP: 19/19 MP: 0/0
   220 | D:1      | Reached XP level 2. HP: 15/27 MP: 1/1
   221 | D:1      | Reached skill level 4 in Axes
   573 | D:1      | Reached ** piety under Trog
   648 | D:1      | Reached XP level 3. HP: 33/33 MP: 2/2
  1215 | D:2      | Noticed Natasha
  1218 | D:2      | Killed Natasha
  1219 | D:2      | Reached XP level 4. HP: 36/41 MP: 3/3
  1537 | D:2      | Found a faded altar of an unknown god.
  1581 | D:2      | Noticed Jessica
  1592 | D:2      | Killed Jessica
  1738 | D:2      | Noticed Natasha
  1745 | D:2      | Killed Natasha
  1746 | D:2      | Reached skill level 5 in Fighting
  1746 | D:2      | Reached XP level 5. HP: 27/48 MP: 4/4
  1883 | D:2      | Noticed Natasha
  1889 | D:2      | Killed Natasha
  1890 | D:2      | Reached skill level 5 in Axes
  2397 | D:3      | Found Ycrasese's Magic Scroll Boutique.
  2900 | D:4      | Found a sand-covered staircase.
  2900 | D:4      | Noticed Grinder
  2910 | D:4      | Killed Grinder
  2911 | D:4      | Reached XP level 6. HP: 50/56 MP: 5/5
  3032 | Ossuary  | Entered an ossuary
  3057 | Ossuary  | Reached skill level 5 in Armour
  3058 | Ossuary  | Reached skill level 6 in Axes
  3587 | D:3      | Bought a scroll of brand weapon for 133 gold pieces
  3744 | D:4      | Reached XP level 7. HP: 61/61 MP: 6/6
  3792 | D:4      | Reached skill level 7 in Axes
  4205 | D:4      | Reached skill level 1 in Stealth
  4583 | D:5      | Entered Level 5 of the Dungeon
  4718 | D:5      | Noticed Blork the orc
  4725 | D:5      | Killed Blork the orc
  4726 | D:5      | Reached skill level 8 in Axes
  4902 | D:5      | Reached XP level 8. HP: 70/70 MP: 7/7
  5484 | D:5      | Found a runed translucent door.
  5487 | D:5      | Noticed kingofthe's ghost (amateur DECj)
  5498 | D:5      | Killed kingofthe's ghost
  5755 | D:5      | Found Nuoho's Antique Armour Boutique.
  5763 | D:5      | Bought a runed scale mail for 168 gold pieces
  6048 | D:6      | Reached skill level 9 in Axes
  6158 | D:6      | Noticed Dowan
  6159 | D:6      | Noticed Duvessa
  6166 | D:6      | Killed Dowan
  6172 | D:6      | Killed Duvessa
  6205 | D:6      | Reached *** piety under Trog
  6453 | D:6      | Found a staircase to the Ecumenical Temple.
  6862 | D:7      | Found a broken altar of Ashenzari.
  6904 | D:7      | Reached XP level 9. HP: 79/79 MP: 8/8
  6925 | D:7      | Reached skill level 10 in Axes
  7217 | D:7      | Found a hide-covered altar of Uskayaw.
  7373 | D:7      | Found Sinwuip's Antique Armour Boutique.
  7653 | D:8      | Found a flagged portal.
  7741 | D:8      | Noticed a troll
  7746 | D:8      | Killed a troll
  7747 | D:8      | Reached skill level 11 in Axes
  7854 | D:8      | Reached skill level 5 in Dodging
  7896 | D:8      | Noticed Maurice
  7902 | D:8      | Paralysed by Maurice for 4 turns
  7914 | D:8      | Paralysed by Maurice for 5 turns
  7931 | D:8      | Paralysed by something for 4 turns
  7974 | D:8      | Killed Maurice
  7975 | D:8      | Reached XP level 10. HP: 91/91 MP: 9/9
  8130 | D:8      | Found an ornate altar of the Wu Jian Council.
  8130 | D:8      | Found a shimmering altar of Xom.
  8132 | D:8      | Found a shimmering blue altar of Sif Muna.
  8713 | D:8      | Reached skill level 12 in Axes
  8837 | D:8      | Noticed Pikel
  8859 | D:8      | Killed Pikel
  9030 | D:8      | Found a basalt altar of Yredelemnul.
  9223 | D:9      | Identified the +5 hand axe of Dismemberment {vorpal, Str-2
                  | SInv Stlth+}
  9254 | D:9      | Found a sacrificial altar of Ru.
  9624 | D:10     | Entered Level 10 of the Dungeon
  9704 | D:10     | Reached skill level 10 in Armour
  9766 | D:10     | Reached skill level 13 in Axes
  9773 | D:10     | Reached **** piety under Trog
  9784 | D:10     | Reached XP level 11. HP: 88/99 MP: 10/10
  9838 | D:10     | Noticed a two-headed ogre
  9846 | D:10     | Killed a two-headed ogre
 10250 | D:11     | Reached skill level 10 in Fighting
 10348 | D:11     | Noticed a two-headed ogre
 10358 | D:11     | Killed a two-headed ogre
 10391 | D:11     | Noticed a boulder beetle
 10458 | D:11     | Killed a boulder beetle
 10459 | D:11     | Reached skill level 14 in Axes
 10502 | D:11     | Noticed Lodul
 10580 | D:11     | Killed Lodul
 10637 | D:11     | Identified the +2 leather armour of the Monkey {rCorr Int+5
                  | SInv}
 10747 | D:11     | Found a staircase to the Lair.
 11023 | D:12     | Noticed a boulder beetle
 11045 | D:12     | Killed a boulder beetle
 11074 | D:12     | Found Mothiunu's Jewellery Emporium.
 11098 | D:12     | Bought the ring "Fimib" {rElec rF++ Int+4 Dex+6 Stlth-} for
                  | 745 gold pieces
 11198 | D:12     | Reached skill level 15 in Axes
 11247 | D:12     | Noticed a deep elf pyromancer
 11255 | D:12     | Killed a deep elf pyromancer
 11319 | D:12     | Reached XP level 12. HP: 102/110 MP: 11/11
 11636 | D:12     | Found a staircase to the Orcish Mines.
 11860 | D:12     | Identified a scroll of acquirement
 11861 | D:12     | Acquired a +3 executioner's axe of venom
 11916 | Lair:1   | Entered Level 1 of the Lair of Beasts
 12014 | Lair:1   | Noticed a four-headed hydra
 12024 | Lair:1   | Noticed a six-headed hydra
 12046 | D:11     | Killed an eight-headed hydra
 12127 | Lair:1   | Killed a nine-headed hydra
 12128 | Lair:1   | Reached skill level 16 in Axes
 12311 | Lair:1   | Noticed Maggie
 12319 | Lair:1   | Killed Maggie
 12596 | Lair:1   | Identified the +6 rapier "Grim Tooth" {vorpal, rPois Will-
                  | Str+4 Int+5}
 12939 | Lair:2   | Found a radiant altar of Vehumet.
 12964 | Lair:2   | Noticed an eight-headed hydra
 12969 | Lair:2   | Killed a nine-headed hydra
 12977 | Lair:2   | Reached skill level 17 in Axes
 12994 | Lair:2   | Reached ***** piety under Trog
 13065 | Lair:2   | Found a staircase to the Shoals.
 13350 | Lair:2   | Noticed an eight-headed hydra
 13358 | Lair:2   | Killed an 11-headed hydra
 13359 | Lair:2   | Reached XP level 13. HP: 119/119 MP: 12/12
 14056 | Lair:3   | Found a hole to the Spider Nest.
 14067 | Lair:3   | Reached skill level 18 in Axes
 14513 | Lair:4   | You fall into a shaft and drop 1 floor!
 14513 | Lair:5   | Entered Level 5 of the Lair of Beasts
 14612 | Lair:5   | Received a gift from Trog
 14629 | Lair:5   | Reached skill level 19 in Axes
 14647 | Lair:5   | Found a staircase to the Slime Pits.
 14745 | Lair:5   | HP: 4/123 [acid (6)]
 14747 | Lair:5   | HP: 1/123 [goliath frog (15)]
 14747 | Lair:5   | Splashed by a goliath frog's acid

Illustrated notes

Levels and vault maps discovered:
D:1:      onia_arrival_mini_maze, layout_rooms
D:2:      layout_loops_cross, basic_ecumenical_altar,
          chequers_serial_rivers_micro_e, uniq_jessica, uniq_natasha
D:3:      layout_loops_ring, serial_shops, nicolae_lakefront_shop,
          chequers_garden, nicolae_titane
D:4:      layout_loops_corners, enter_ossuary_2, grunt_ministairs_3,
          grunt_decor_junction, moated_statue, minmay_ruptured, uniq_grinder
D:5:      layout_layer_cave, serial_shops, kennysheep_little_box,
          ebering_ghost_reflecting_pool, uniq_blork_the_orc
D:6:      minmay_general_purpose_star, layout_cave_pools,
          minmay_temple_entry_large_hall, uniq_duvessa
D:7:      layout_basic, evilmike_ruin_ashenzari, nicolae_uskayaw_dance_hall,
          serial_shops, nicolae_shop_stone
D:8:      layout_layer_cave, chequers_temple_overflow_statue_of_worship,
          lemuel_zombie_altar_yredelemnul, enter_bailey_5,
          dreamdust_princess_corridor, uniq_pikel, uniq_maurice
D:9:      layout_cave_pools, nicolae_ru_sacrificial_ziggurat, dk_noncrumbling_3
D:10:     layout_loops_ring, nicolae_twisting_strands
D:11:     layout_gridville, erik_lair_island, minmay_fountain_box, uniq_lodul
D:12:     layout_small_grid, orc_0_dummy, serial_shops, nicolae_shop_crystal,
          minmay_starry_boxes
Lair:1:   layout_chaotic_city, uniq_maggie
Lair:2:   layout_hall_layers, minmay_shoals_entry_beasts, basic_altar,
          special_room [special_room_bee], grunt_megastairs_3,
          serial_bayou_shore_a
Lair:3:   layout_hall_layers, nicolae_spider_entry_non_spiders,
          nicolae_lair_run_with_the_wolves
Lair:4:   layout_long_grid, minmay_shattered_shrine, infiniplex_staircase_pool,
          serial_bayou_shore_b
Lair:5:   minmay_lair_end_frog_pond, layout_cave_pods, slime_entry_1,
          kilobyte_rumbling_trees

Skill      XL: |  1  2  3  4  5  6  7  8  9 10 11 12 13 |
---------------+----------------------------------------+-----
Axes           | 4 5 6 8 9 11 13 15 17 19 | 19.4
Fighting       | 4 5 6 7 9 11 12 13 | 13.9
Armour         | 3 4 5 6 7 8 10 11 12 13 | 13.3
Dodging        | 3 4 5 6 7 8 |  8.9
Stealth        | 1 2 3 |  3.1
Throwing       | |  0.7

Action                   |  1- 3 |  4- 6 |  7- 9 | 10-12 | 13-15 || total
-------------------------+-------+-------+-------+-------+-------++-------
Melee: Hand axe          |    73 |    82 |   281 |   286 |       ||   722
       Headbutt          |     7 |    13 |    45 |    90 |    41 ||   196
       Punch             |     1 |     1 |     2 |     7 |       ||    11
       Executioner's axe |       |       |       |   114 |   141 ||   255
Throw: Dart              |       |       |     2 |       |       ||     2
Invok: Berserk           |     2 |     6 |    15 |    25 |     4 ||    52
       Trog's Hand       |       |       |     2 |     1 |     3 ||     6
       Brothers in Arms  |       |       |       |     1 |     4 ||     5
  Use: Scroll            |       |    11 |     6 |    11 |     6 ||    34
       Potion            |       |       |       |     7 |    13 ||    20
Armor: Animal skin       |     9 |       |       |       |       ||     9
       Ring mail         |    23 |    17 |    20 |       |       ||    60
       Scale mail        |       |       |    85 |   155 |    46 ||   286
Dodge: Dodged            |    51 |    34 |   146 |   454 |   242 ||   927
